AoeStats
← paulo.nonaka

QS Arena

503213283Analyzed
3v3 RM · 1mo ago on Aug 30, 2026· 32m 39s· 6 players
Game mode
Random Map
Map size
Normal (6 player)
Population
200
Speed
Normal
Resources
Standard
Victory
Conquest
Starting age
Dark Age
Ending age
Imperial Age
RankedLock teamsTeams togetherTeam positionsShared explorationLock speedFull tech treeHidden civsTurbo modeCheats
Victory
Defeat
🇪🇸 Turks · Spain
914
+16
🇫🇷 Vietnamese · France
902
+17
🇩🇪 Bulgarians · Germany
828
+20
🇧🇷 Vietnamese · Brazil
950
-19
🇧🇷 Byzantines · Brazil
937
-19
🇧🇷 Spanish · Brazil
870
-15
Oltav4
2:02 Loom
9:27 Feudal Age
11:22 Wheelbarrow
10:35 Double-Bit Axe
10:31 Horse Collar
16:50 Castle Age
16:46 Fletching
17:50 Heavy Plow
18:04 Bow Saw
18:03 Crossbowman
22:34 Town Watch
24:02 Ballistics
24:37 Padded Archer Armor
26:03 Elite Skirmisher
26:50 Thumb Ring
33:30 Imperial Age
rovaal5
1:06 Loom
8:04 Feudal Age
8:30 Double-Bit Axe
8:36 Gold Mining
13:59 Castle Age
12:00 Horse Collar
17:17 Gold Shaft Mining
20:54 Imperial Age
20:05 Padded Archer Armor
20:42 Squires
27:42 Fortified Wall
30:07 Bow Saw
ivanklaricnejla
0:33 Loom
8:45 Feudal Age
9:24 Double-Bit Axe
9:47 Horse Collar
17:08 Gold Mining
17:09 Stone Mining
18:15 Arson
20:59 Castle Age
19:15 Forging
19:05 Scale Mail Armor
18:58 Fletching
19:31 Scale Barding Armor
22:38 Bow Saw
22:31 Heavy Plow
27:04 Gambesons
31:14 Iron Casting
30:34 Bodkin Arrow
30:40 Padded Archer Armor
30:56 Chain Mail Armor
31:02 Chain Barding Armor
31:26 Gold Shaft Mining
31:29 Stone Shaft Mining
31:20 Caravan
31:41 Squires
31:02 Pikeman
Joelho de Ganso
9:09 Feudal Age
10:36 Wheelbarrow
9:50 Loom
11:36 Horse Collar
12:13 Double-Bit Axe
19:16 Castle Age
21:11 Padded Archer Armor
21:02 Fletching
22:21 Pikeman
25:48 Bow Saw
28:08 Hand Cart
29:31 Thumb Ring
Nonaka
9:25 Feudal Age
9:51 Double-Bit Axe
14:08 Castle Age
12:08 Horse Collar
13:23 Stone Mining
14:16 Wheelbarrow
15:02 Bow Saw
14:55 Heavy Plow
20:57 Loom
21:13 Gold Mining
23:43 Hand Cart
26:47 Imperial Age
27:55 Fletching
28:06 Padded Archer Armor
28:47 Ballistics
29:28 Chemistry
28:39 Fortified Wall
29:53 Two-Man Saw
29:30 Thumb Ring
28:46 Elite Skirmisher
29:13 Onager
29:39 Imperial Skirmisher
paulo.nonaka
13:03 Feudal Age
13:36 Double-Bit Axe
13:45 Stone Mining
14:15 Horse Collar
20:58 Castle Age
19:44 Wheelbarrow
19:04 Gold Mining
19:28 Town Watch
22:44 Hand Cart
22:42 Bow Saw
23:12 Loom
23:21 Fletching
23:32 Padded Archer Armor
25:11 Chatras
25:47 Fortified Wall
27:12 Bloodlines
27:04 Husbandry
29:41 Stone Shaft Mining
32:11 Forging
Connection lost

Rejoining the realm…

Still unreachable

The connection could not be restored.

Session expired

The server has moved on; the page needs a fresh start.